 Dungeon Crawl Stone Soup version 0.28-b1-1-g3c77fb2ed1 (webtiles) character file.

Game seed: 18394927376813517137

2079 Renzlar the Shield-Bearer (level 9, -8/74 HPs)
             Began as a Gnoll Fighter on Jan 29, 2022.
             Was a Follower of Okawaru.
             Mangled by a large abomination (17 damage)
             ... on level 1 of the Abyss.
             The game lasted 00:22:34 (5059 turns).

Renzlar the Shield-Bearer (Gnoll Fighter)           Turns: 5059, Time: 00:22:35

Health: -8/74      AC: 28    Str: 21      XL:     9   Next: 26%
Magic:  13/15      EV: 16    Int: 10      God:    Okawaru [*.....]
Gold:   259        SH:  7    Dex: 10 (13) Spells: 16/16 levels left

rFire   . . .      SeeInvis .   a - +1 war axe
rCold   . . .      Faith    .   c - +0 buckler
rNeg    + . .      Spirit   .   e - +9 pearl dragon scales of Hedge Wizardry {rElec rN+ Will+ Str+3 Dex+2}
rPois   .          Reflect  .   (no helmet)
rElec   +          Harm     .   (no cloak)
rCorr   +          Rampage  +   (no gloves)
Will    +....                   l - +2 pair of boots {rampage}
Stlth   ++........              x - amulet of Ymon {Regen+ rCorr}
HPRegen 1.02/turn               t - +4 ring of evasion
MPRegen 0.14/turn               (no ring)

@: mighty, heroic
A: fangs 1, strong nose, distributed training
a: Renounce Religion, Heroism


You were on level 1 of the Abyss.
You worshipped Okawaru.
Okawaru was aware of your devotion.
You visited 1 branch of the dungeon, and saw 6 of its levels.
You visited the Abyss 1 time.

You collected 259 gold pieces.

Inventory:

Hand Weapons
 a - a +1 war axe (weapon)
 p - a +1 spear of venom
 q - a +2 antimagic flail
Missiles
 f - 56 bolts
 i - 8 poisoned darts
 j - 89 stones (quivered)
 k - 63 sling bullets
Armour
 b - a +0 scale mail
 c - a +0 buckler (worn)
 e - the +9 pearl dragon scales of Hedge Wizardry (worn) {rElec rN+ Will+ Str+3 Dex+2}
   (You acquired it on level 2 of the Dungeon)

   Str:       It affects your strength (+3).
   Dex:       It affects your dexterity (+2).
   rElec:     It insulates you from electricity.
   rN:        It protects you from negative energy.
   Will:      It increases your willpower.
 l - a +2 pair of boots of rampaging (worn)
Jewellery
 g - an amulet of reflection
 t - a +4 ring of evasion (left hand)
 x - the amulet of Ymon (around neck) {Regen+ rCorr}
   (You took it off an orc on level 4 of the Dungeon)

   [amulet of regeneration]

   Regen:     It increases your rate of health regeneration.
   rCorr:     It protects you from acid and corrosion.
Wands
 n - a wand of flame (14)
Scrolls
 m - a scroll of fog
 s - a scroll of enchant weapon
 v - a scroll of blinking
Potions
 d - 2 potions of might
 h - 3 potions of curing
 o - a potion of heal wounds
 r - a potion of attraction {unknown}
 u - 2 potions of haste
 z - a potion of magic {unknown}
 A - a potion of lignification


   Skills:
 + Level 7.8(12.8) Fighting
 + Level 4.0(9.0) Short Blades
 + Level 4.0(9.0) Long Blades
 + Level 6.2(11.2) Axes
 + Level 4.0(9.0) Maces & Flails
 + Level 4.0(9.0) Polearms
 + Level 4.0(9.0) Staves
 + Level 4.0(9.0) Slings
 + Level 4.0(9.0) Bows
 + Level 4.0(9.0) Crossbows
 + Level 4.0(9.0) Throwing
 + Level 7.8(12.8) Armour
 + Level 4.0(9.0) Dodging
 + Level 4.0(9.0) Stealth
 + Level 7.8(12.8) Shields
 + Level 4.0(9.0) Unarmed Combat
 + Level 4.0 Spellcasting
 + Level 3.3 Conjurations
 + Level 3.3 Hexes
 + Level 3.3 Summonings
 + Level 3.3 Necromancy
 + Level 3.3 Translocations
 + Level 3.3 Transmutations
 + Level 3.3 Fire Magic
 + Level 3.3 Ice Magic
 + Level 3.3 Air Magic
 + Level 3.3 Earth Magic
 + Level 3.3 Poison Magic
 + Level 4.5 Invocations
 + Level 4.0 Evocations


You had 16 spell levels left.
You didn't know any spells.
Your spell library contained the following spells:

 Spells                   Type           Power      Damage    Failure   Level
 Corpse Rot               Necr/Air       16%        N/A       28%         2
 Poisonous Vapours        Pois/Air       16%        N/A       28%         2
 Summon Small Mammal      Summ           Unusable   N/A       N/A         1
 Call Canine Familiar     Summ           Unusable   N/A       N/A         3
 Summon Guardian Golem    Hex/Summ       Unusable   N/A       N/A         3

Dungeon Overview and Level Annotations

Branches:
Dungeon (6/15)
 Temple: D:4-7

Altars:
Okawaru
The Shining One


Innate Abilities, Weirdness & Mutations

You have very sharp teeth.
Your uncanny sense of smell can sniff out nearby items.
Your experience applies equally to all skills.


Message History

You slash the large abomination!
The large abomination is moderately damaged.
The large abomination hits you.
You barely miss the large abomination.
The large abomination is moderately damaged.
A raiju comes into view.
The large abomination hits you!
The raiju barks!
You hit the large abomination.
You bite the large abomination, but do no damage.
The large abomination is heavily damaged.
The large abomination hits you but does no damage.
You hit the large abomination.
The large abomination is heavily damaged.
The raiju bursts into living lightning!
The living lightning misses you.
The raiju blinks! x2
The large abomination hits you but does no damage.
The raiju bites you but does no damage.
You hear a bark!
You barely miss the raiju. You slash the large abomination!
You hear a bark!
A raiju comes into view.
The large abomination hits you!!
* * * LOW HITPOINT WARNING * * *
The raiju misses you.
Unknown command.
You feel very mighty all of a sudden.
You block the large abomination's attack.
You block the raiju's attack.
You gain the combat prowess of a mighty hero.
The raiju bites you but does no damage. The large abomination misses you.
Unknown command.
You hit the raiju but do no damage. You slash the large abomination!
An efreet comes into view.
It is wielding a +3 scimitar of flaming.
The raiju bites you!
* * * LOW HITPOINT WARNING * * *
The raiju shocks you. You resist.
* * * LOW HITPOINT WARNING * * *
The large abomination hits you!
You die...

#.... ..##
. .
##.##.. #
...
...#R.....
. .### .
.#☼...# .
. ...
...h.
..... .
##...# .#.
# .. ##.#.
.#.#..#
##.h#.## #
. #..@##
.# ...
###X.### #
# ##.# ..
... ..#..
##. ## #.
.. #.


You could see a large abomination, an efreet (wandering) and 2 raiju.

Vanquished Creatures
  Grinder (D:4)
  Prince Ribbit (D:5)
  Edmund (D:5)
  A small abomination (Abyss:1)
  2 water moccasins (D:6)
  A black bear (D:6)
  A necrophage (D:6)
  2 ogres
  A phantom (D:5)
  Blork the orc (D:5)
  A wyvern zombie (D:6)
  A water moccasin zombie (D:5)
  2 bullfrog zombies (D:5)
  3 centaur zombies
  A quasit (Abyss:1)
  A hound (D:5)
  A jelly (D:4)
  A gnoll shaman (D:5)
  A centaur skeleton (D:4)
  Jessica (D:2)
  A scorpion zombie (D:5)
  Ijyb (D:3)
  2 orc wizards (D:5)
  2 iguanas
  A hound skeleton (D:5)
  14 gnolls
  A howler monkey skeleton (D:4)
  10 adders
  An ufetubus (Abyss:1)
  2 worms
  A dart slug (D:5)
  6 orcs
  8 ball pythons
  5 bats
  5 endoplasms
  3 giant cockroaches
  5 goblins
  6 hobgoblins
  8 jackals
  2 frilled lizards
  3 kobolds (D:1)
  9 rats
121 creatures vanquished.

Vanquished Creatures (others)
  5 withered plants (D:5)
5 creatures vanquished.

Grand Total: 126 creatures vanquished

Notes
Turn   | Place    | Note
-------+----------+-------------------------------------------
     0 | D:1      | Renzlar the Gnoll Fighter began the quest for the Orb.
     0 | D:1      | Reached XP level 1. HP: 23/23 MP: 1/1
   110 | D:1      | Reached XP level 2. HP: 27/29 MP: 2/2
   702 | D:2      | Reached XP level 3. HP: 35/35 MP: 3/3
   910 | D:2      | Identified a scroll of acquirement
   910 | D:2      | Acquired the +9 pearl dragon scales of Hedge Wizardry
                  | {rElec rN+ Will+ Str+3 Dex+2}
   977 | D:2      | Reached skill level 1 in Invocations
   991 | D:2      | Noticed Jessica
  1000 | D:2      | Killed Jessica
  1001 | D:2      | Reached skill level 1 in Short Blades
  1001 | D:2      | Reached skill level 1 in Long Blades
  1001 | D:2      | Reached skill level 1 in Maces & Flails
  1001 | D:2      | Reached skill level 1 in Polearms
  1001 | D:2      | Reached skill level 1 in Staves
  1001 | D:2      | Reached skill level 1 in Slings
  1001 | D:2      | Reached skill level 1 in Bows
  1001 | D:2      | Reached skill level 1 in Crossbows
  1001 | D:2      | Reached skill level 1 in Throwing
  1001 | D:2      | Reached skill level 1 in Dodging
  1001 | D:2      | Reached skill level 1 in Stealth
  1001 | D:2      | Reached skill level 1 in Unarmed Combat
  1001 | D:2      | Reached skill level 1 in Spellcasting
  1001 | D:2      | Reached skill level 1 in Evocations
  1001 | D:2      | Reached XP level 4. HP: 37/41 MP: 5/5
  1142 | D:2      | Reached skill level 1 in Conjurations
  1142 | D:2      | Reached skill level 1 in Hexes
  1142 | D:2      | Reached skill level 1 in Summonings
  1142 | D:2      | Reached skill level 1 in Necromancy
  1142 | D:2      | Reached skill level 1 in Translocations
  1142 | D:2      | Reached skill level 1 in Transmutations
  1142 | D:2      | Reached skill level 1 in Fire Magic
  1142 | D:2      | Reached skill level 1 in Ice Magic
  1142 | D:2      | Reached skill level 1 in Air Magic
  1142 | D:2      | Reached skill level 1 in Earth Magic
  1142 | D:2      | Reached skill level 1 in Poison Magic
  1823 | D:3      | Noticed an ogre
  1834 | D:3      | Killed an ogre
  1835 | D:3      | Reached XP level 5. HP: 30/47 MP: 5/7
  2312 | D:3      | Reached XP level 6. HP: 53/53 MP: 8/8
  2323 | D:3      | You fall into a shaft and drop 3 floors!
  2655 | D:6      | Noticed a black bear
  2674 | D:6      | Killed a black bear
  2675 | D:6      | Reached skill level 5 in Axes
  2729 | D:5      | Entered Level 5 of the Dungeon
  2729 | D:5      | Noticed Blork the orc
  2736 | D:5      | Killed Blork the orc
  2737 | D:5      | Reached XP level 7. HP: 59/59 MP: 10/10
  3076 | D:4      | Noticed Grinder
  3093 | D:4      | Killed Grinder
  3094 | D:4      | Reached XP level 8. HP: 64/67 MP: 12/12
  3113 | D:4      | Identified the amulet of Ymon {Regen+ rCorr}
  3491 | D:4      | Found an iron altar of Okawaru.
  3495 | D:4      | Became a worshipper of Warmaster Okawaru
  3544 | D:4      | Found a glowing golden altar of the Shining One.
  3628 | D:3      | Noticed Ijyb
  3642 | D:3      | Killed Ijyb
  4109 | D:5      | Noticed Prince Ribbit
  4140 | D:5      | Killed Prince Ribbit
  4186 | D:5      | Reached * piety under Okawaru
  4292 | D:5      | Noticed Edmund
  4306 | D:5      | Killed Edmund
  4307 | D:5      | Reached XP level 9. HP: 73/73 MP: 14/14
  4924 | D:6      | Cast into level 1 of the Abyss (gnoll)
  5059 | Abyss:1  | Noticed an efreet
  5059 | Abyss:1  | Mangled by a large abomination

Illustrated notes

Levels and vault maps discovered:
D:1:      elethiomel_arrival_quiet, layout_rooms,
          hangedman_decor_clover_reticule, moated_statue,
          minmay_misc_feat_columns, serial_bayou_pond_e, fountainhead
D:2:      layout_basic, uniq_jessica
D:3:      layout_loops_corners, uniq_ijyb
D:4:      layout_basic, mainiacjoe_overflow_swirl, uniq_grinder
D:5:      layout_loops_ring, serial_undead, serial_undead_c, serial_undead_f,
          serial_undead_b, serial_undead_e, serial_undead_c, serial_park_tiny_1,
          uniq_blork_the_orc, uniq_prince_ribbit1, uniq_edmund
D:6:      layout_gridville, mainiacjoe_overflow_alcove_2,
          gammafunk_temple_overflow_elements,
          minmay_temple_entry_statues_fountains
Abyss:1:  base:
D:4

Skill      XL: |  1  2  3  4  5  6  7  8  9 |
---------------+----------------------------+-----
Invocations    | 1 2 3 4 |  4.5
Short Blades   | 1 2 3 4 |  4.0
Long Blades    | 1 2 3 4 |  4.0
Maces & Flails | 1 2 3 4 |  4.0
Polearms       | 1 2 3 4 |  4.0
Staves         | 1 2 3 4 |  4.0
Slings         | 1 2 3 4 |  4.0
Bows           | 1 2 3 4 |  4.0
Crossbows      | 1 2 3 4 |  4.0
Throwing       | 1 2 3 4 |  4.0
Dodging        | 1 2 3 4 |  4.0
Stealth        | 1 2 3 4 |  4.0
Unarmed Combat | 1 2 3 4 |  4.0
Spellcasting   | 1 2 3 4 |  4.0
Evocations     | 1 2 3 4 |  4.0
Conjurations   | 1 2 3 |  3.3
Hexes          | 1 2 3 |  3.3
Summonings     | 1 2 3 |  3.3
Necromancy     | 1 2 3 |  3.3
Translocations | 1 2 3 |  3.3
Transmutations | 1 2 3 |  3.3
Fire Magic     | 1 2 3 |  3.3
Ice Magic      | 1 2 3 |  3.3
Air Magic      | 1 2 3 |  3.3
Earth Magic    | 1 2 3 |  3.3
Poison Magic   | 1 2 3 |  3.3
Axes           | 5 6 |  6.2
Fighting       | 7 |  7.8
Armour         | 7 |  7.8
Shields        | 7 |  7.8

Action                   |  1- 3 |  4- 6 |  7- 9 || total
-------------------------+-------+-------+-------++-------
Melee: War axe           |    65 |   103 |   284 ||   452
       Bite              |     2 |    11 |    46 ||    59
       Whip              |       |     4 |       ||     4
Throw: Stone             |       |     8 |    47 ||    55
       Dart              |       |       |     9 ||     9
Invok: Heroism           |       |       |     1 ||     1
Evoke: Wand              |       |       |     1 ||     1
  Use: Scroll            |     1 |     2 |    10 ||    13
       Potion            |       |     1 |     1 ||     2
Armor: Scale mail        |    25 |       |       ||    25
       Pearl dragon scal |     2 |    57 |   157 ||   216
Dodge: Dodged            |    28 |    46 |   166 ||   240
Block: Buckler           |    10 |    34 |    77 ||   121
